 Dungeon Crawl Stone Soup version 0.31-a0-557-g6e16503903 (webtiles) character file.

Game seed: 508359901184530251

1636 wazuzu the Basher (level 8, -2/64 HPs)
             Began as a Hill Orc Fighter on Aug 16, 2023.
             Was an Elder of Zin.
             Killed from afar by an orc wizard (9 damage)
             ... with a puff of flame
             ... on level 7 of the Dungeon.
             The game lasted 00:15:21 (6263 turns).

wazuzu the Basher (Hill Orc Fighter)                Turns: 6263, Time: 00:15:22

Health: -2/64      AC: 10    Str: 21    XL:     8   Next: 98%
Magic:  14/14      EV: 10    Int:  8    God:    Zin [****..]
Gold:   924        SH:  4    Dex: 10    Spells: 7/7 levels left

rFire   . . .        t - +0 morningstar
rCold   . . .        c - +0 buckler
rNeg    . . .        v - +3 ring mail
rPois   +            E - +0 helmet
rElec   .            (no cloak)
rCorr   .            (no gloves)
SInv    .            (no boots)
Will    .....        (no amulet) Stlth
                     m - ring of poison resistance
HPRegen 0.30/turn    (no ring)
MPRegen 0.14/turn

%: no passive effects
@: no status effects
A: no striking features
a: Renounce Religion, Recite, Vitalisation, Imprison, Donate Gold


You were on level 7 of the Dungeon.
You worshipped Zin.
Zin was greatly pleased with you.
You visited 1 branch of the dungeon, and saw 7 of its levels.

You collected 1027 gold pieces.
You spent 1 gold pieces at shops.
You donated 102 gold pieces to Zin.


   Skills:
 - Level 3.6 Fighting
 * Level 8.6(9.2) Maces & Flails
 - Level 4.0(6.1) Staves
 - Level 4.0 Armour
 - Level 3.2 Shields
 + Level 8.0 Invocations


You had 7 spell levels left.
You didn't know any spells.
Your spell library contained the following spells:

 Spells                   Type           Power      Damage    Failure   Level
 Call Canine Familiar     Summ           0%         N/A       95%         3
 Portal Projectile        Hex/Tloc       0%         N/A       95%         3
 Leda's Liquefaction      Hex/Erth       0%         N/A       100%        4
 Alistair's Intoxication  Tmut/Pois      0%         N/A       100%        5
 Borgnjor's Vile Clutch   Necr/Erth      0%         N/A       100%        5
 Eringya's Noxious Bog    Tmut/Pois      0%         4d6       100%        6


Dungeon Overview and Level Annotations

Branches:
Dungeon (7/15)             Temple (0/1) D:6

Altars:
Ashenzari
Elyvilon
Zin

Shops:
D:5 *

Inventory:

Hand Weapons
 t - a +0 morningstar (weapon)
 w - a -3 demon whip
Missiles
 k - 83 stones
 x - 2 throwing nets
Armour
 c - a +0 buckler (worn)
 g - a +1 leather armour of fire resistance
 v - a +3 ring mail (worn)
 E - a +0 helmet (worn)
Jewellery
 m - a ring of poison resistance (left hand)
 u - an amulet of magic regeneration
Wands
 r - a wand of paralysis (3)
 z - a wand of iceblast (11)
 F - a wand of flame (9)
Scrolls
 e - a scroll of identify
 h - 2 scrolls of teleportation
 y - 2 scrolls of amnesia
 B - a scroll of fog {unknown}
Potions
 d - 3 potions of might
 f - 2 potions of mutation
 n - 3 potions of enlightenment
 o - 2 potions of curing
 s - 2 potions of heal wounds
 A - a potion of invisibility
 C - a potion of ambrosia
 D - a potion of degeneration {unknown}

.......####...##..)........#
#. ...###.#
#...#......###...# ...
##.....# #........).###.#.#
.. #.#####
###.##.###.###)#.#.# #.#
##.##.# #..#.))...# ##
#.....# #..#..#.###
....###.# #.._..#... ..#
#.###.)#..###.#
#@.##..#......#
##{...###..#### ####.###..#
#.###..# #......# ####...#
####


There were no monsters in sight!


Message History

You clear your throat and prepare to recite. "And lo, the wrath of Zin did find..."
The orc is confused by your recitation.
The orc warrior is dazed by your recitation.
The orc wizard is struck blind by the wrath of Zin!
The orc wizard shouts!
The orc warrior is no longer dazed.
The orc warrior hits you with a +0 trident!
The orc hits the orc wizard with a +0 hand axe.
The orc barely misses you.
The orc wizard hits you with a +0 dagger.
You hit the orc warrior.
The orc warrior is lightly wounded. "...them wherever they hid, and the fetid masses..."
The orc warrior hits you with a +0 trident.
The orc wizard casts a spell.
The orc wizard flickers and vanishes!
Deactivating autopickup; reactivate with Ctrl-A. "...were struck down for their uncleanliness!"
You finish reciting Ablutions 15:10.
The orc warrior barely misses you. Something hits you.
The orc warrior attacks as you move away!
The orc warrior hits you but does no damage.
The orc barely misses the orc warrior.
You barely miss the orc warrior.
The orc warrior is lightly wounded.
You puncture the orc warrior!
The orc warrior is heavily wounded.
You block the orc warrior's attack.
You sock the orc warrior!
The orc warrior is severely wounded.
The orc warrior hits you with a +0 trident!
* * * LOW HITPOINT WARNING * * *
The orc closely misses you. You block the orc warrior's attack.
You hit the orc warrior but do no damage.
The orc warrior is severely wounded.
The orc warrior closely misses you.
You hit the orc warrior but do no damage.
The orc warrior is severely wounded.
The orc warrior hits you with a +0 trident!
* * * LOW HITPOINT WARNING * * *
You closely miss the orc warrior.
The orc warrior is severely wounded.
The orc warrior hits you with a +0 trident!
* * * LOW HITPOINT WARNING * * *
The orc hits you with a +0 hand axe.
* * * LOW HITPOINT WARNING * * *
Unknown command.
You hit the orc warrior.
The orc warrior is almost dead.
The orc warrior hits you with a +0 trident!
* * * LOW HITPOINT WARNING * * *
The orc barely misses you.
You hit the orc warrior.
You kill the orc warrior!
The orc closely misses you.
The orc hits itself with a +0 hand axe!
The orc is killed!
Your Invocations skill increases to level 8!
There is a broken altar of Ashenzari here.
Things that are here:
a +0 war axe; a +0 leather armour A magic dart appears from out of thin air!
The magic dart hits you.
* * * LOW HITPOINT WARNING * * *
There is a strange disturbance nearby!
You are ready to recite again.
You hear some strange, mumbled words.
A puff of flame appears from out of thin air!
The puff of flame hits you!
You die...

Action                     |  1- 3 |  4- 6 |  7- 9 || total
---------------------------+-------+-------+-------++-------
  Melee: Flail             |    92 |   106 |       ||   198
         Morningstar       |       |    47 |   208 ||   255
 Invoke: Recite            |       |     4 |    11 ||    15
         Vitalisation      |       |     1 |     3 ||     4
  Evoke: Wand              |       |     3 |       ||     3
    Use: Scroll            |       |       |    12 ||    12
         Potion            |       |       |     1 ||     1
   Stab: Paralysed         |       |     3 |     4 ||     7
         Confused          |       |       |     2 ||     2
         Invisible         |       |       |     1 ||     1
 Armour: Leather armour    |    22 |    46 |       ||    68
         Scale mail        |     2 |       |       ||     2
         Ring mail         |       |     7 |    64 ||    71
  Dodge: Dodged            |    42 |    91 |   103 ||   236
  Block: Buckler           |    24 |    42 |    45 ||   111

Levels and vault maps discovered:
D:1:      mrwooster_arrival_statue_2, layout_loops_cross, serial_rivers,
          chequers_serial_rivers_micro_e, chequers_serial_rivers_room_b,
          chequers_serial_rivers_small_a, chequers_serial_rivers_micro_a,
          minmay_pentomino_u2
D:2:      layout_basic, grunt_ministairs_5
D:3:      layout_loops_ring, hellmonk_ecumenical_altar_watching_god
D:4:      layout_gridville, elyvilon_altar_5, saegor_snake_ambush
D:5:      layout_rooms, minmay_shop_damaged, minmay_fire_ice_demons
D:6:      layout_basic, minmay_temple_entry_stoned_glass,
          serial_co_window_serial, co_window_paths_a, co_window_paths_b,
          co_window_corner_a, co_window_of_opportunity_a, co_window_paths_a,
          co_window_2corner, co_window_of_opportunity_c, co_window_paths_c,
          co_window_2corner, co_window_of_opportunity_b, co_window_4corner_a,
          glass_columns_a, glass_columns_a
D:7:      layout_basic, cheibrodos_ashenzari_chains, serial_curves,
          eino_curves_04, eino_curves_01, kennysheep_path_1, dk_noncrumbling_4,
          minivault_5, minmay_three_doors

Notes
Turn   | Place    | Note
-------+----------+-------------------------------------------
     0 | D:1      | wazuzu the Hill Orc Fighter began the quest for the Orb.
     0 | D:1      | Reached XP level 1. HP: 19/19 MP: 1/1
   147 | D:1      | Reached XP level 2. HP: 26/26 MP: 2/2
   279 | D:1      | Reached skill level 1 in Staves
  1017 | D:2      | Reached skill level 3 in Maces & Flails
  1030 | D:2      | Reached XP level 3. HP: 30/31 MP: 3/3
  1500 | D:2      | Reached skill level 2 in Staves
  1594 | D:3      | Noticed a golden eye
  1597 | D:3      | Noticed a floating eye
  1606 | D:3      | Reached XP level 4. HP: 38/39 MP: 4/4
  1732 | D:3      | Noticed a shining eye
  1734 | D:3      | Found a faded altar of an unknown god.
  1737 | D:3      | Noticed a floating eye
  1744 | D:3      | Prayed at the altar of an unknown god.
  1744 | D:3      | Became a worshipper of Zin the Law-Giver
  1744 | D:3      | Reached * piety under Zin
  1798 | D:3      | Reached ** piety under Zin
  2347 | D:4      | Reached skill level 4 in Maces & Flails
  2347 | D:4      | Reached skill level 1 in Invocations
  2347 | D:4      | Reached XP level 5. HP: 33/45 MP: 5/5
  2395 | D:4      | Noticed an ogre
  2658 | D:4      | Reached skill level 2 in Invocations
  2820 | D:4      | Reached skill level 3 in Staves
  3001 | D:4      | Found a white marble altar of Elyvilon.
  3211 | D:4      | Killed an ogre
  3212 | D:4      | Reached skill level 3 in Invocations
  3212 | D:4      | Reached XP level 6. HP: 51/51 MP: 6/8
  3749 | D:5      | Entered Level 5 of the Dungeon
  3767 | D:5      | Reached skill level 5 in Maces & Flails
  3857 | D:5      | Reached skill level 4 in Invocations
  3857 | D:5      | Reached XP level 7. HP: 33/57 MP: 8/10
  3945 | D:5      | Found Beubi's Lightly-Used Armoury.
  3956 | D:5      | Bought a -3 demon whip for 1 gold piece
  3960 | D:5      | Identified a scroll of acquirement
  3960 | D:5      | Acquired 755 gold pieces
  4063 | D:5      | Reached *** piety under Zin
  4063 | D:5      | Reached **** piety under Zin
  4130 | D:5      | Reached skill level 4 in Staves
  4202 | D:5      | HP: 10/57 [water moccasin (5)]
  4207 | D:5      | HP: 7/57 [water moccasin (3)]
  4212 | D:5      | HP: 13/57 [water moccasin (4)]
  4217 | D:5      | HP: 7/57 [water moccasin (4)]
  4219 | D:5      | Reached skill level 4 in Armour
  4219 | D:5      | Reached skill level 5 in Invocations
  4496 | D:5      | Reached skill level 6 in Maces & Flails
  4529 | D:5      | Reached skill level 6 in Invocations
  4529 | D:5      | Reached XP level 8. HP: 33/64 MP: 12/12
  4548 | D:5      | HP: 15/64 [orc wizard/+0 dagger (3)]
  5127 | D:6      | Reached skill level 7 in Maces & Flails
  5501 | D:6      | Reached skill level 7 in Invocations
  5505 | D:6      | Found a staircase to the Ecumenical Temple.
  6095 | D:7      | Reached skill level 8 in Maces & Flails
  6201 | D:7      | Found a broken altar of Ashenzari.
  6242 | D:7      | HP: 15/64 [orc warrior/+0 trident (8)]
  6243 | D:7      | HP: 3/64 [orc warrior/+0 trident (10)]
  6245 | D:7      | Reached skill level 8 in Invocations
  6254 | D:7      | HP: 5/64 [something/magic dart (2)]
  6263 | D:7      | Killed from afar by an orc wizard

Vanquished Creatures
  A water moccasin (D:5)
  An orc warrior (D:7)
  3 ogres
  A gnoll sergeant (D:5)
  2 scorpions (D:5)
  A howler monkey (D:5)
  A crimson imp (D:5)
  7 hounds
  3 jellies
  An orc priest (D:5)
  3 iguanas
  7 orc wizards
  11 gnolls
  11 adders
  2 shadow imps
  2 white imps
  2 worms
  2 dart slugs
  26 orcs
  6 ball pythons
  3 bats
  2 endoplasms
  4 giant cockroaches
  7 goblins
  5 hobgoblins
  4 jackals
  A quokka (D:5)
  A frilled lizard (D:3)
  5 kobolds
  7 rats
132 creatures vanquished.
